WCHLSIM.com - West Coast Hockey League
html PUBLIC "-//W3C//DTD XHTML 1.0 Transitional//EN" "http://www.w3.org/TR/xhtml1/DTD/xhtml1-transitional.dtd"> WCHL - Game 61 - LONG BEACH BARACUDAS vs SAN DIEGO THUNDER

LONG BEACH BARACUDAS vs SAN DIEGO THUNDER

Created - 7 juin 2021 at 21:58

Goals
1 2 3 T
LONG BEACH BARACUDAS 2 1 0 3
SAN DIEGO THUNDER 0 0 1 1
Shots
1 2 3 T
LONG BEACH BARACUDAS 12 11 15 38
SAN DIEGO THUNDER 7 6 6 19

1st period

1. LONG BEACH BARACUDAS , Brock Nelson 2 (Kyle Palmieri 3) at 6:22
2. LONG BEACH BARACUDAS , Jaden Schwartz 3 (Steven Stamkos 5, Reyley Smith 3) at 15:43

Penalties :
Evander Kane (SDG) for Roughing (Minor) at 9:25

2nd period

3. LONG BEACH BARACUDAS , Derek Stepan 1 (J.T. Compher 2) at 18:39

Penalties :
Marcus Foligno (SDG) for Roughing (Minor) at 1:37, Alex Pietrangelo (LOB) for Holding (Minor) at 11:46

3rd period

4. SAN DIEGO THUNDER , Jean-Gabriel Pageau 4 (Ryan Hartman 3, Connor Murphy 1) at 15:05 (SH)

Penalties :
Patrik Nemeth (SDG) for Interference (Minor) at 4:31, Erik Johnson (SDG) for Hooking (Minor) at 7:17, Deryk Engelland (SDG) for High sticking (Double Minor) at 11:13, Mark Borowiecki (SDG) for High sticking (Minor) at 17:30

Goalie Stats

Jonathan Quick (LOB), 18 saves from 19 shots - (0,947), W, 5-1-2, 60:00 minutes
Connor Hellebuyck (SDG), 35 saves from 38 shots - (0,921), L, 5-1-0, 60:00 minutes

Players Stats for LONG BEACH BARACUDAS

Player Name              G  A  P  +/- PIM S  H  SB GA TA FO     MP     PP MP  PK MP  
------------------------------------------------------------------------------------
Alex Pietrangelo         0  0  0   1  2   0  2  2  0  0  0/0    17:51   0:34   0:00 
Alexandre Texier         0  0  0   0  0   1  0  0  0  0  0/0     3:33   0:00   0:10 
Andreas Johnsson         0  0  0   0  0   1  0  0  0  0  1/3    13:28   7:03   0:00 
Ben Hutton               0  0  0  -1  0   3  1  1  0  0  0/0    21:48   7:28   0:23 
Brandon Montour          0  0  0   2  0   0  0  1  0  0  0/0    17:34   5:52   0:36 
Brock Nelson             1  0  1   0  0   5  1  0  0  0  17/24  24:54   6:32   0:00 
Derek Stepan             1  0  1   1  0   2  0  0  0  0  13/23  14:36   6:51   1:20 
J.T. Compher             0  1  1   1  0   1  0  0  0  0  0/1    13:55   6:51   0:39 
Jaden Schwartz           1  0  1   1  0   5  1  0  0  0  0/0    15:57   0:00   0:00 
Kyle Palmieri            0  1  1   1  0   4  1  1  0  0  1/2    25:06   6:44   0:00 
Loui Eriksson            0  0  0  -1  0   1  0  0  0  0  0/1    10:26   7:03   0:00 
Michael Del Zotto        0  0  0  -1  0   1  4  0  0  0  0/0    23:25   7:28   0:00 
Pierre-Edouard Bellemare 0  0  0   0  0   1  1  0  0  0  4/8     4:03   0:00   0:40 
Reyley Smith             0  1  1   1  0   5  0  0  0  0  2/4    17:14   0:38   0:39 
Ron Hainsey              0  0  0   1  0   1  0  1  0  0  0/0    26:25   5:52   1:29 
Steven Stamkos           0  1  1   1  0   3  1  0  0  0  9/21   15:57   0:00   0:00 
Taylor Hall              0  0  0   1  0   4  0  1  0  0  0/2    18:55   0:00   0:33 
Zach Redmond             0  0  0   2  0   0  3  0  0  0  0/0    12:53   0:34   1:27 

Players Stats for SAN DIEGO THUNDER

Player Name              G  A  P  +/- PIM S  H  SB GA TA FO     MP     PP MP  PK MP  
------------------------------------------------------------------------------------
Andrew Cogliano          0  0  0   0  0   0  0  0  0  0  0/0     4:04   0:00   2:56 
Charles McAvoy           0  0  0   0  0   0  1  2  0  0  0/0    24:19   1:10   7:45 
Connor Murphy            0  1  1   1  0   1  0  2  0  0  0/0    23:15   0:12   7:39 
David Perron             0  0  0  -1  0   0  1  0  0  0  0/2    15:39   0:35   0:00 
Deryk Engelland          0  0  0  -2  4   0  3  1  0  0  0/0    14:59   0:00   0:22 
Erik Johnson             0  0  0  -1  2   0  0  0  0  0  0/0    20:46   0:49   5:53 
Evander Kane             0  0  0  -1  2   5  3  0  0  0  0/1    19:08   1:24   0:00 
Ilya Mikheyev            0  0  0  -1  0   2  1  1  0  0  1/1    16:08   0:35   0:00 
Jay Beagle               0  0  0   0  0   0  0  0  0  0  3/4     4:03   0:00   2:55 
Jean-Gabriel Pageau      1  0  1   0  0   3  0  1  0  0  14/31  20:26   0:35   7:29 
Logan Couture            0  0  0  -1  0   1  0  0  0  0  10/21  15:29   0:00   2:25 
Marcus Foligno           0  0  0  -1  2   1  5  0  0  0  0/1    17:23   0:00   5:02 
Mark Borowiecki          0  0  0   0  2   0  3  0  0  0  0/0    18:54   0:00   4:50 
Mark Scheifele           0  0  0  -1  0   3  0  0  0  0  12/24  18:57   1:24   0:00 
Nikita Kucherov          0  0  0  -1  0   1  0  0  0  0  0/2    14:16   1:24   0:00 
Patrik Nemeth            0  0  0  -1  2   1  0  0  0  0  0/0     7:51   0:00   0:00 
Rasmus Dahlin            0  0  0  -1  0   0  0  2  0  0  0/0     9:52   1:47   1:19 
Ryan Hartman             0  1  1   0  0   1  0  1  0  0  2/2    20:31   0:00   7:01 

3 Stars

1 - Jaden Schwartz (LOB)
2 - Derek Stepan (LOB)
3 - Brock Nelson (LOB)

Power Play

LONG BEACH BARACUDAS - 0 on 7 Attempt(s) - 0,00%
SAN DIEGO THUNDER - 0 on 1 Attempt(s) - 0,00%

Penalty Kill

LONG BEACH BARACUDAS - 1 on 1 Attempt(s) - 100,00% - Score 0 goal in Penalty Kill
SAN DIEGO THUNDER - 7 on 7 Attempt(s) - 100,00% - Score 1 goal in Penalty Kill

Team Stat

LONG BEACH BARACUDAS - Hits : 15 - Faceoff Wins : 47 - Blocked Shots : 7 - Penalty Minutes : 2
SAN DIEGO THUNDER - Hits : 17 - Faceoff Wins : 42 - Blocked Shots : 10 - Penalty Minutes : 14

Official

Referees : Mike Campbell and Gord Dwyer
Linesman : David Brisebois and Neil Campbell

Game Notes

Nikita Kucherov is injured at 2:01 of 3rd period (Bruised Right Foot)
Logan Couture is injured at 6:42 of 3rd period (Groin)

Finance

Level 1 -- Attendance: 6270 (100,00%) -- Ticket Income 1 097 250 $
Level 2 -- Attendance: 5246 (98,61%) -- Ticket Income 629 520 $
Level 3 -- Attendance: 2090 (100,00%) -- Ticket Income 209 000 $
Level 4 -- Attendance: 4032 (93,33%) -- Ticket Income 282 240 $
Luxury Box -- Attendance: 1000 (100,00%) -- Ticket Income 300 000 $
Total Attendance: 18638 (98,09%)
Total Ticket Income: 2 518 010 $
Other Expense: 25 180 $
Total Income: 2 492 830 $

LONG BEACH BARACUDAS

5 vs 5 Forward 
   Center                   Left Wing                Right Wing               Time % Phy DF OF 
 1 Brock Nelson             Taylor Hall              Kyle Palmieri            44     0   1  4  
 2 Steven Stamkos           Jaden Schwartz           Reyley Smith             35     0   2  3  
 3 Derek Stepan             J.T. Compher             Andreas Johnsson         14     0   2  3  
 4 Pierre-Edouard Bellemare Alexandre Texier         Loui Eriksson            7      0   2  3  

5 vs 5 Defense 
   Defense                  Defense                                           Time % Phy DF OF 
 1 Alex Pietrangelo         Ron Hainsey                                       40     0   2  3  
 2 Ben Hutton               Michael Del Zotto                                 30     0   3  2  
 3 Zach Redmond             Brandon Montour                                   18     0   3  2  
 4 Ron Hainsey              Michael Del Zotto                                 12     0   3  2  

PowerPlay Forward 
   Center                   Left Wing                Right Wing               Time % Phy DF OF 
 1 Derek Stepan             J.T. Compher             Kyle Palmieri            51     0   0  5  
 2 Brock Nelson             Loui Eriksson            Andreas Johnsson         49     0   0  5  

PowerPlay Defense
   Defense                  Defense                                           Time % Phy DF OF 
 1 Michael Del Zotto        Ben Hutton                                        55     0   1  4  
 2 Brandon Montour          Ron Hainsey                                       45     0   1  4  

Penalty Kill 4 Players Forward 
   Center                   Wing                     Time % Phy DF OF 
 1 Derek Stepan             Taylor Hall              60     0   3  2  
 2 J.T. Compher             Reyley Smith             40     0   3  2  

Penalty Kill 4 Players Defense
   Defense                  Defense                  Time % Phy DF OF 
 1 Ron Hainsey              Zach Redmond             55     0   3  2  
 2 Ben Hutton               Alex Pietrangelo         45     0   3  2  

Penalty Kill - 3 Players Forward 
   Forward                                           Time % Phy DF OF 
 1 Steven Stamkos                                    55     1   4  0  
 2 Derek Stepan                                      45     1   4  0  

Penalty Kill - 3 Players Defense
   Defense                  Defense                  Time % Phy DF OF 
 1 Zach Redmond             Ron Hainsey              55     1   4  0  
 2 Ben Hutton               Michael Del Zotto        45     1   4  0  

4 vs 4 Forward 
   Center                   Wing                     Time % Phy DF OF 
 1 Pierre-Edouard Bellemare Jaden Schwartz           55     1   2  2  
 2 Derek Stepan             Reyley Smith             45     1   2  2  

4 vs 4 Defense
   Defense                  Defense                  Time % Phy DF OF 
 1 Ben Hutton               Brandon Montour          55     1   2  2  
 2 Alex Pietrangelo         Michael Del Zotto        45     1   2  2  

Last Minutes Offensive
   Center                   Left Wing                Right Wing               Defense                  Defense                  
   Steven Stamkos           Taylor Hall              Kyle Palmieri            Michael Del Zotto        Alex Pietrangelo         

Last Minutes Defensive
   Center                   Left Wing                Right Wing               Defense                  Defense                  
   Brock Nelson             Jaden Schwartz           Reyley Smith             Ron Hainsey              Michael Del Zotto        

Goaltenders
Starting : Jonathan Quick           
Backup : Brian Elliott            

Extra Forwards
Normal : J.T. Compher, Derek Stepan, Andreas Johnsson - PP : Reyley Smith, Kyle Palmieri - PK : Pierre-Edouard Bellemare
Extra Defensemen
Normal : Ron Hainsey, Ben Hutton, Alex Pietrangelo - PP : Brandon Montour - PK : Ben Hutton, Ron Hainsey
Penalty Shots
Jaden Schwartz, Taylor Hall, Steven Stamkos, Brock Nelson, Reyley Smith
Custom OT Lines Forwards
Steven Stamkos, Taylor Hall, Jaden Schwartz, Kyle Palmieri, Reyley Smith, Brock Nelson, Derek Stepan, Alexandre Texier, J.T. Compher, Andreas Johnsson
Custom OT Lines Defensemen
Michael Del Zotto, Ben Hutton, Ron Hainsey, Alex Pietrangelo, Brandon Montour

Scratches
Jordie Benn (Torso Injury), Mikael Granlund (Strained Left Elbow Injury)

SAN DIEGO THUNDER

5 vs 5 Forward 
   Center                   Left Wing                Right Wing               Time % Phy DF OF 
 1 Mark Scheifele           David Perron             Nikita Kucherov          35     0   4  1  
 2 Logan Couture            Evander Kane             Ilya Mikheyev            34     0   4  1  
 3 Jean-Gabriel Pageau      Marcus Foligno           Ryan Hartman             27     0   3  2  
 4 Jay Beagle               Andrew Cogliano          Ryan Hartman             4      0   4  1  

5 vs 5 Defense 
   Defense                  Defense                                           Time % Phy DF OF 
 1 Charles McAvoy           Connor Murphy                                     36     0   3  2  
 2 Mark Borowiecki          Erik Johnson                                      31     0   3  2  
 3 Deryk Engelland          Patrik Nemeth                                     18     0   3  2  
 4 Deryk Engelland          Rasmus Dahlin                                     15     0   2  3  

PowerPlay Forward 
   Center                   Left Wing                Right Wing               Time % Phy DF OF 
 1 Mark Scheifele           Evander Kane             Nikita Kucherov          55     0   0  5  
 2 Jean-Gabriel Pageau      David Perron             Ilya Mikheyev            45     0   0  5  

PowerPlay Defense
   Defense                  Defense                                           Time % Phy DF OF 
 1 Rasmus Dahlin            Charles McAvoy                                    55     0   0  5  
 2 Erik Johnson             Rasmus Dahlin                                     45     0   0  5  

Penalty Kill 4 Players Forward 
   Center                   Wing                     Time % Phy DF OF 
 1 Jean-Gabriel Pageau      Ryan Hartman             55     0   4  1  
 2 Logan Couture            Marcus Foligno           45     0   4  1  

Penalty Kill 4 Players Defense
   Defense                  Defense                  Time % Phy DF OF 
 1 Mark Borowiecki          Connor Murphy            55     0   5  0  
 2 Erik Johnson             Charles McAvoy           45     0   5  0  

Penalty Kill - 3 Players Forward 
   Forward                                           Time % Phy DF OF 
 1 Ilya Mikheyev                                     55     0   4  1  
 2 Ryan Hartman                                      45     0   4  1  

Penalty Kill - 3 Players Defense
   Defense                  Defense                  Time % Phy DF OF 
 1 Erik Johnson             Connor Murphy            55     0   4  1  
 2 Charles McAvoy           Mark Borowiecki          45     0   4  1  

4 vs 4 Forward 
   Center                   Wing                     Time % Phy DF OF 
 1 Mark Scheifele           Nikita Kucherov          55     0   2  3  
 2 Logan Couture            David Perron             45     0   2  3  

4 vs 4 Defense
   Defense                  Defense                  Time % Phy DF OF 
 1 Charles McAvoy           Connor Murphy            55     1   2  2  
 2 Erik Johnson             Mark Borowiecki          45     1   2  2  

Last Minutes Offensive
   Center                   Left Wing                Right Wing               Defense                  Defense                  
   Mark Scheifele           David Perron             Nikita Kucherov          Charles McAvoy           Rasmus Dahlin            

Last Minutes Defensive
   Center                   Left Wing                Right Wing               Defense                  Defense                  
   Mark Scheifele           Evander Kane             Ilya Mikheyev            Charles McAvoy           Connor Murphy            

Goaltenders
Starting : Connor Hellebuyck        
Backup : Louis Domingue           

Extra Forwards
Normal : Mark Scheifele, David Perron, Evander Kane - PP : Mark Scheifele, Marcus Foligno - PK : Ryan Hartman
Extra Defensemen
Normal : Connor Murphy, Charles McAvoy, Rasmus Dahlin - PP : Charles McAvoy - PK : Connor Murphy, Charles McAvoy
Penalty Shots
Mark Scheifele, David Perron, Evander Kane, Jean-Gabriel Pageau, Ilya Mikheyev
Custom OT Lines Forwards
Mark Scheifele, Nikita Kucherov, David Perron, Evander Kane, Logan Couture, Ilya Mikheyev, Jean-Gabriel Pageau, Marcus Foligno, Ryan Hartman, Jay Beagle
Custom OT Lines Defensemen
Charles McAvoy, Connor Murphy, Erik Johnson, Mark Borowiecki, Deryk Engelland

Scratches
Robert Fabbri (Healthy)

% Time on Ice - LONG BEACH BARACUDAS

Lines # - Real PCT - Wanted PCT - Time Play
Normal Forward
1 - 42% - 44% - 18:22
2 - 36% - 35% - 15:57
3 - 15% - 14% - 6:25
4 - 8% - 7% - 3:23
Normal Defense
1 - 39% - 40% - 17:18
2 - 30% - 30% - 13:27
3 - 25% - 18% - 10:52
4 - 6% - 12% - 2:30
PP Forward
1 - 49% - 51% - 6:51
2 - 51% - 49% - 7:03
PP Defense
1 - 58% - 55% - 8:02
2 - 42% - 45% - 5:52
PK Forward
1 - 67% - 60% - 1:20
2 - 33% - 40% - 0:39
PK Defense
1 - 70% - 55% - 1:23
2 - 30% - 45% - 0:36
PK3 Forward
1 - 0% - 55%
2 - 0% - 45%
PK3 Defense
1 - 0% - 55%
2 - 0% - 45%
44 Forward
1 - 0% - 55%
2 - 0% - 45%
44 Defense
1 - 0% - 55%
2 - 0% - 45%
Last Minute Offensive  - 0:00
Last Minute Defensive  - 0:00
Total
Forward - 60:00
Defense - 60:00

% Time on Ice - SAN DIEGO THUNDER

Lines # - Real PCT - Wanted PCT - Time Play
Normal Forward
1 - 34% - 35% - 15:04
2 - 35% - 34% - 15:33
3 - 28% - 27% - 12:22
4 - 3% - 4% - 1:08
Normal Defense
1 - 35% - 36% - 15:24
2 - 32% - 31% - 14:05
3 - 18% - 18% - 7:52
4 - 15% - 15% - 6:46
PP Forward
1 - 71% - 55% - 1:24
2 - 29% - 45% - 0:35
PP Defense
1 - 59% - 55% - 1:10
2 - 41% - 45% - 0:49
PK Forward
1 - 50% - 55% - 6:54
2 - 50% - 45% - 7:00
PK Defense
1 - 45% - 55% - 6:12
2 - 55% - 45% - 7:42
PK3 Forward
1 - 0% - 55%
2 - 0% - 45%
PK3 Defense
1 - 0% - 55%
2 - 0% - 45%
44 Forward
1 - 0% - 55%
2 - 0% - 45%
44 Defense
1 - 0% - 55%
2 - 0% - 45%
Last Minute Offensive  - 0:00
Last Minute Defensive  - 0:00
Total
Forward - 60:00
Defense - 60:00

Play-by-Play

1st period


0:01 of 1st period - Brock Nelson wins face-off versus Mark Scheifele in neutral zone.
0:04 of 1st period - Shot by Taylor Hall.
0:04 of 1st period - Stopped by Connor Hellebuyck without a rebound.
0:05 of 1st period - Steven Stamkos wins face-off versus Logan Couture in SAN DIEGO THUNDER zone.
0:05 of 1st period - Steven Stamkos is hit by Mark Borowiecki.
0:18 of 1st period - Logan Couture is hit by Michael Del Zotto and loses puck.
0:35 of 1st period - Shot by Reyley Smith.
0:35 of 1st period - Stopped by Connor Hellebuyck without a rebound.
0:36 of 1st period - Jean-Gabriel Pageau wins face-off versus Taylor Hall in SAN DIEGO THUNDER zone.
0:36 of 1st period - Jean-Gabriel Pageau is hit by Kyle Palmieri.
0:50 of 1st period - Shot by Jean-Gabriel Pageau.
0:50 of 1st period - Deflect By Marcus Foligno.
0:50 of 1st period - Shot Misses the Net.
0:52 of 1st period - Shot by Jean-Gabriel Pageau.
0:52 of 1st period - Shot Blocked by Taylor Hall.
0:54 of 1st period - Shot by Connor Murphy.
0:54 of 1st period - Shot Misses the Net.
1:00 of 1st period - Shot by Ryan Hartman.
1:00 of 1st period - Stopped by Jonathan Quick without a rebound.
1:01 of 1st period - Derek Stepan wins face-off versus Mark Scheifele in LONG BEACH BARACUDAS zone.
1:08 of 1st period - Shot by Andreas Johnsson.
1:08 of 1st period - Shot Misses the Net.
1:38 of 1st period - Icing by Brandon Montour.
1:39 of 1st period - Jay Beagle wins face-off versus Derek Stepan in LONG BEACH BARACUDAS zone.
2:22 of 1st period - Shot by Brock Nelson.
2:22 of 1st period - Shot Misses the Net.
2:35 of 1st period - Icing by Ron Hainsey.
2:36 of 1st period - Logan Couture wins face-off versus Brock Nelson in LONG BEACH BARACUDAS zone.
2:40 of 1st period - Evander Kane is hit by Alex Pietrangelo and loses puck.
2:56 of 1st period - Icing by Deryk Engelland.
2:57 of 1st period - Logan Couture wins face-off versus Steven Stamkos in SAN DIEGO THUNDER zone.
2:59 of 1st period - Icing by Ilya Mikheyev.
3:00 of 1st period - Logan Couture wins face-off versus Steven Stamkos in SAN DIEGO THUNDER zone.
3:34 of 1st period - Shot by Jaden Schwartz.
3:34 of 1st period - Stopped by Connor Hellebuyck without a rebound.
3:35 of 1st period - Pierre-Edouard Bellemare wins face-off versus Jean-Gabriel Pageau in SAN DIEGO THUNDER zone.
3:42 of 1st period - Shot by Pierre-Edouard Bellemare.
3:42 of 1st period - Stopped by Connor Hellebuyck without a rebound.
3:43 of 1st period - Brock Nelson wins face-off versus Mark Scheifele in SAN DIEGO THUNDER zone.
3:46 of 1st period - Shot by Taylor Hall.
3:46 of 1st period - Shot Misses the Net.
3:48 of 1st period - Shot by Brock Nelson.
3:48 of 1st period - Deflect By Taylor Hall.
3:48 of 1st period - Shot Misses the Net.
4:19 of 1st period - Shot by Brock Nelson.
4:19 of 1st period - Stopped by Connor Hellebuyck without a rebound.
4:20 of 1st period - Jean-Gabriel Pageau wins face-off versus Steven Stamkos in SAN DIEGO THUNDER zone.
4:27 of 1st period - Steven Stamkos is hit by Marcus Foligno.
5:01 of 1st period - Jaden Schwartz is hit by Marcus Foligno and loses puck.
5:10 of 1st period - Marcus Foligno is hit by Jaden Schwartz and loses puck.
5:19 of 1st period - Icing by Reyley Smith.
5:20 of 1st period - Mark Scheifele wins face-off versus Reyley Smith in LONG BEACH BARACUDAS zone.
5:20 of 1st period - Mark Scheifele is hit by Michael Del Zotto.
6:22 of 1st period - Shot by Brock Nelson.
6:22 of 1st period - Goal by Brock Nelson - LONG BEACH BARACUDAS : 1 - SAN DIEGO THUNDER : 0.
6:23 of 1st period - Brock Nelson wins face-off versus Logan Couture in neutral zone.
6:23 of 1st period - Taylor Hall is hit by Evander Kane and loses puck.
6:43 of 1st period - Kyle Palmieri is hit by Deryk Engelland and loses puck.
6:55 of 1st period - Icing by Patrik Nemeth.
6:56 of 1st period - Logan Couture wins face-off versus Pierre-Edouard Bellemare in SAN DIEGO THUNDER zone.
6:56 of 1st period - Evander Kane is hit by Pierre-Edouard Bellemare and loses puck.
7:07 of 1st period - Shot by Evander Kane.
7:07 of 1st period - Deflect By Ilya Mikheyev.
7:07 of 1st period - Shot Blocked by Alex Pietrangelo.
7:13 of 1st period - Shot by Evander Kane.
7:13 of 1st period - Stopped by Jonathan Quick without a rebound.
7:14 of 1st period - Derek Stepan wins face-off versus Jean-Gabriel Pageau in LONG BEACH BARACUDAS zone.
7:19 of 1st period - Shot by J.T. Compher.
7:19 of 1st period - Shot Blocked by Charles McAvoy.
7:29 of 1st period - Shot by Jean-Gabriel Pageau.
7:29 of 1st period - Shot Misses the Net.
7:31 of 1st period - Shot by Connor Murphy.
7:31 of 1st period - Shot Misses the Net.
8:30 of 1st period - Shot by Mark Scheifele.
8:30 of 1st period - Shot Misses the Net.
8:32 of 1st period - Shot by David Perron.
8:32 of 1st period - Shot Blocked by Kyle Palmieri.
9:25 of 1st period - Minor Penalty to Evander Kane for Roughing.
9:26 of 1st period - Jean-Gabriel Pageau wins face-off versus Andreas Johnsson in SAN DIEGO THUNDER zone.
9:34 of 1st period - Icing by Brock Nelson.
9:35 of 1st period - Jean-Gabriel Pageau wins face-off versus Loui Eriksson in LONG BEACH BARACUDAS zone.
9:44 of 1st period - Shot by Ryan Hartman.
9:44 of 1st period - Shot Misses the Net.
11:35 of 1st period - Shot by Reyley Smith.
11:35 of 1st period - Shot Misses the Net.
11:47 of 1st period - Shot by Nikita Kucherov.
11:47 of 1st period - Deflect By Mark Scheifele.
11:47 of 1st period - Stopped by Jonathan Quick without a rebound.
11:48 of 1st period - Brock Nelson wins face-off versus Logan Couture in LONG BEACH BARACUDAS zone.
11:53 of 1st period - Shot by Brock Nelson.
11:53 of 1st period - Shot Blocked by Deryk Engelland.
12:03 of 1st period - Shot by Evander Kane.
12:03 of 1st period - Shot Misses the Net.
12:05 of 1st period - Shot by Logan Couture.
12:05 of 1st period - Stopped by Jonathan Quick without a rebound.
12:06 of 1st period - Reyley Smith wins face-off versus David Perron in LONG BEACH BARACUDAS zone.
12:13 of 1st period - Shot by Reyley Smith.
12:13 of 1st period - Stopped by Connor Hellebuyck without a rebound.
12:14 of 1st period - Logan Couture wins face-off versus Derek Stepan in SAN DIEGO THUNDER zone.
12:38 of 1st period - Ilya Mikheyev is hit by Ben Hutton and loses puck.
12:59 of 1st period - Shot by Logan Couture.
12:59 of 1st period - Shot Misses the Net.
13:01 of 1st period - Shot by Ilya Mikheyev.
13:01 of 1st period - Stopped by Jonathan Quick without a rebound.
13:02 of 1st period - Brock Nelson wins face-off versus Jean-Gabriel Pageau in LONG BEACH BARACUDAS zone.
13:07 of 1st period - Marcus Foligno is hit by Brock Nelson and loses puck.
13:41 of 1st period - Shot by Kyle Palmieri.
13:41 of 1st period - Stopped by Connor Hellebuyck without a rebound.
13:42 of 1st period - Steven Stamkos wins face-off versus Mark Scheifele in SAN DIEGO THUNDER zone.
14:00 of 1st period - Off-side.
14:01 of 1st period - Pierre-Edouard Bellemare wins face-off versus Logan Couture in neutral zone.
14:14 of 1st period - Shot by Logan Couture.
14:14 of 1st period - Shot Misses the Net.
15:06 of 1st period - Shot by Brock Nelson.
15:06 of 1st period - Stopped by Connor Hellebuyck without a rebound.
15:07 of 1st period - Ryan Hartman wins face-off versus Steven Stamkos in SAN DIEGO THUNDER zone.
15:29 of 1st period - Shot by Steven Stamkos.
15:29 of 1st period - Shot Misses the Net.
15:31 of 1st period - Shot by Jaden Schwartz.
15:31 of 1st period - Shot Misses the Net.
15:43 of 1st period - Shot by Jaden Schwartz.
15:43 of 1st period - Goal by Jaden Schwartz - LONG BEACH BARACUDAS : 2 - SAN DIEGO THUNDER : 0.
15:44 of 1st period - Mark Scheifele wins face-off versus Kyle Palmieri in neutral zone.
15:47 of 1st period - Shot by David Perron.
15:47 of 1st period - Shot Misses the Net.
15:49 of 1st period - Shot by David Perron.
15:49 of 1st period - Shot Misses the Net.
15:51 of 1st period - Shot by David Perron.
15:51 of 1st period - Shot Misses the Net.
15:53 of 1st period - Shot by Mark Scheifele.
15:53 of 1st period - Shot Misses the Net.
16:07 of 1st period - Shot by Nikita Kucherov.
16:07 of 1st period - Shot Misses the Net.
16:28 of 1st period - Kyle Palmieri is hit by Mark Borowiecki.
16:50 of 1st period - Shot by Steven Stamkos.
16:50 of 1st period - Shot Misses the Net.
17:12 of 1st period - Connor Murphy is hit by Zach Redmond and loses puck.
17:23 of 1st period - Shot by Connor Murphy.
17:23 of 1st period - Stopped by Jonathan Quick without a rebound.
17:24 of 1st period - Logan Couture wins face-off versus Pierre-Edouard Bellemare in LONG BEACH BARACUDAS zone.
17:27 of 1st period - Shot by Evander Kane.
17:27 of 1st period - Stopped by Jonathan Quick with a rebound.
17:56 of 1st period - Off-side.
17:57 of 1st period - Jean-Gabriel Pageau wins face-off versus Brock Nelson in neutral zone.
18:38 of 1st period - Shot by Brock Nelson.
18:38 of 1st period - Deflect By Kyle Palmieri.
18:38 of 1st period - Shot Misses the Net.
18:40 of 1st period - Shot by Taylor Hall.
18:40 of 1st period - Stopped by Connor Hellebuyck without a rebound.
18:41 of 1st period - Steven Stamkos wins face-off versus Mark Scheifele in SAN DIEGO THUNDER zone.
18:50 of 1st period - Shot by Jaden Schwartz.
18:50 of 1st period - Stopped by Connor Hellebuyck without a rebound.
18:51 of 1st period - Steven Stamkos wins face-off versus Logan Couture in SAN DIEGO THUNDER zone.
18:56 of 1st period - Shot by Reyley Smith.
18:56 of 1st period - Shot Misses the Net.
19:30 of 1st period - Shot by Jaden Schwartz.
19:30 of 1st period - Shot Misses the Net.
19:52 of 1st period - Icing by Alex Pietrangelo.
19:53 of 1st period - Mark Scheifele wins face-off versus Steven Stamkos in LONG BEACH BARACUDAS zone.
Goals for this period are 2 for LONG BEACH BARACUDAS vs 0 for SAN DIEGO THUNDER.
Shots for this period are 12 for LONG BEACH BARACUDAS vs 7 for SAN DIEGO THUNDER.

2nd period


0:01 of 2nd period - Mark Scheifele wins face-off versus Brock Nelson in neutral zone.
0:26 of 2nd period - Shot by David Perron.
0:26 of 2nd period - Shot Misses the Net.
0:31 of 2nd period - Connor Murphy is hit by Michael Del Zotto and loses puck.
0:47 of 2nd period - Brock Nelson is hit by Charles McAvoy.
1:18 of 2nd period - Shot by Jean-Gabriel Pageau.
1:18 of 2nd period - Stopped by Jonathan Quick without a rebound.
1:19 of 2nd period - Derek Stepan wins face-off versus Logan Couture in LONG BEACH BARACUDAS zone.
1:32 of 2nd period - Shot by Logan Couture.
1:32 of 2nd period - Deflect By Evander Kane.
1:32 of 2nd period - Shot Blocked by Alex Pietrangelo.
1:34 of 2nd period - Shot by Mark Borowiecki.
1:34 of 2nd period - Shot Blocked by Ron Hainsey.
1:36 of 2nd period - Shot by Ilya Mikheyev.
1:36 of 2nd period - Stopped by Jonathan Quick without a rebound.
1:37 of 2nd period - Steven Stamkos wins face-off versus Jean-Gabriel Pageau in LONG BEACH BARACUDAS zone.
1:37 of 2nd period - Minor Penalty to Marcus Foligno for Roughing.
1:38 of 2nd period - Jean-Gabriel Pageau wins face-off versus J.T. Compher in SAN DIEGO THUNDER zone.
2:21 of 2nd period - Icing by Michael Del Zotto.
2:22 of 2nd period - Derek Stepan wins face-off versus Logan Couture in LONG BEACH BARACUDAS zone.
2:28 of 2nd period - Icing by Derek Stepan.
2:29 of 2nd period - Derek Stepan wins face-off versus Jean-Gabriel Pageau in LONG BEACH BARACUDAS zone.
2:57 of 2nd period - Shot by Brock Nelson.
2:57 of 2nd period - Stopped by Connor Hellebuyck without a rebound.
2:58 of 2nd period - Brock Nelson wins face-off versus Jean-Gabriel Pageau in SAN DIEGO THUNDER zone.
5:29 of 2nd period - Shot by Derek Stepan.
5:29 of 2nd period - Stopped by Connor Hellebuyck without a rebound.
5:30 of 2nd period - Jean-Gabriel Pageau wins face-off versus Derek Stepan in SAN DIEGO THUNDER zone.
5:59 of 2nd period - Shot by Derek Stepan.
5:59 of 2nd period - Shot Misses the Net.
6:29 of 2nd period - Icing by Alex Pietrangelo.
6:30 of 2nd period - Logan Couture wins face-off versus Steven Stamkos in LONG BEACH BARACUDAS zone.
7:01 of 2nd period - Shot by Jaden Schwartz.
7:01 of 2nd period - Deflect By Steven Stamkos.
7:01 of 2nd period - Stopped by Connor Hellebuyck with a rebound.
7:03 of 2nd period - Shot by Reyley Smith.
7:03 of 2nd period - Stopped by Connor Hellebuyck with a rebound.
7:05 of 2nd period - Shot by Reyley Smith.
7:05 of 2nd period - Shot Misses the Net.
7:09 of 2nd period - Shot by Steven Stamkos.
7:09 of 2nd period - Shot Misses the Net.
7:11 of 2nd period - Shot by Reyley Smith.
7:11 of 2nd period - Shot Misses the Net.
7:59 of 2nd period - Shot by Brock Nelson.
7:59 of 2nd period - Shot Misses the Net.
8:01 of 2nd period - Shot by Michael Del Zotto.
8:01 of 2nd period - Shot Blocked by Connor Murphy.
8:12 of 2nd period - Icing by Pierre-Edouard Bellemare.
8:13 of 2nd period - Pierre-Edouard Bellemare wins face-off versus Mark Scheifele in LONG BEACH BARACUDAS zone.
8:20 of 2nd period - Shot by Loui Eriksson.
8:20 of 2nd period - Stopped by Connor Hellebuyck without a rebound.
8:21 of 2nd period - Steven Stamkos wins face-off versus Jean-Gabriel Pageau in SAN DIEGO THUNDER zone.
8:34 of 2nd period - Shot by Steven Stamkos.
8:34 of 2nd period - Stopped by Connor Hellebuyck without a rebound.
8:35 of 2nd period - Derek Stepan wins face-off versus Mark Scheifele in SAN DIEGO THUNDER zone.
8:50 of 2nd period - Alex Pietrangelo is hit by Mark Borowiecki and loses puck.
9:43 of 2nd period - Shot by Kyle Palmieri.
9:43 of 2nd period - Deflect By Taylor Hall.
9:43 of 2nd period - Shot Hit the Post.
11:26 of 2nd period - Icing by Ben Hutton.
11:27 of 2nd period - Brock Nelson wins face-off versus Mark Scheifele in LONG BEACH BARACUDAS zone.
11:46 of 2nd period - Minor Penalty to Alex Pietrangelo for Holding.
11:47 of 2nd period - Mark Scheifele wins face-off versus Derek Stepan in LONG BEACH BARACUDAS zone.
12:23 of 2nd period - Shot by Mark Scheifele.
12:23 of 2nd period - Stopped by Jonathan Quick without a rebound.
12:24 of 2nd period - Derek Stepan wins face-off versus Jean-Gabriel Pageau in LONG BEACH BARACUDAS zone.
12:24 of 2nd period - Derek Stepan is hit by David Perron.
12:38 of 2nd period - Shot by David Perron.
12:38 of 2nd period - Shot Misses the Net.
12:40 of 2nd period - Shot by Charles McAvoy.
12:40 of 2nd period - Shot Misses the Net.
12:42 of 2nd period - Shot by David Perron.
12:42 of 2nd period - Shot Misses the Net.
12:44 of 2nd period - Shot by Rasmus Dahlin.
12:44 of 2nd period - Shot Misses the Net.
12:46 of 2nd period - Shot by Jean-Gabriel Pageau.
12:46 of 2nd period - Stopped by Jonathan Quick without a rebound.
12:47 of 2nd period - Derek Stepan wins face-off versus Mark Scheifele in LONG BEACH BARACUDAS zone.
12:59 of 2nd period - Icing by Rasmus Dahlin.
13:00 of 2nd period - Mark Scheifele wins face-off versus Derek Stepan in SAN DIEGO THUNDER zone.
13:28 of 2nd period - Reyley Smith is hit by Evander Kane and loses puck.
13:51 of 2nd period - Shot by David Perron.
13:51 of 2nd period - Shot Misses the Net.
13:59 of 2nd period - Shot by Alexandre Texier.
13:59 of 2nd period - Stopped by Connor Hellebuyck without a rebound.
14:00 of 2nd period - Jean-Gabriel Pageau wins face-off versus Steven Stamkos in SAN DIEGO THUNDER zone.
14:49 of 2nd period - Icing by Ryan Hartman.
14:50 of 2nd period - Jean-Gabriel Pageau wins face-off versus Taylor Hall in SAN DIEGO THUNDER zone.
15:03 of 2nd period - Shot by Nikita Kucherov.
15:03 of 2nd period - Shot Misses the Net.
15:05 of 2nd period - Shot by Nikita Kucherov.
15:05 of 2nd period - Shot Blocked by Brandon Montour.
15:07 of 2nd period - Shot by Nikita Kucherov.
15:07 of 2nd period - Shot Misses the Net.
15:09 of 2nd period - Shot by David Perron.
15:09 of 2nd period - Shot Misses the Net.
15:11 of 2nd period - Shot by Nikita Kucherov.
15:11 of 2nd period - Stopped by Jonathan Quick without a rebound.
15:12 of 2nd period - Logan Couture wins face-off versus Pierre-Edouard Bellemare in LONG BEACH BARACUDAS zone.
15:32 of 2nd period - Shot by Evander Kane.
15:32 of 2nd period - Shot Blocked by Ben Hutton.
15:38 of 2nd period - Shot by Ben Hutton.
15:38 of 2nd period - Stopped by Connor Hellebuyck without a rebound.
15:39 of 2nd period - Mark Scheifele wins face-off versus Brock Nelson in SAN DIEGO THUNDER zone.
16:22 of 2nd period - Icing by Zach Redmond.
16:23 of 2nd period - Brock Nelson wins face-off versus Logan Couture in LONG BEACH BARACUDAS zone.
16:37 of 2nd period - Icing by Ilya Mikheyev.
16:38 of 2nd period - Reyley Smith wins face-off versus Logan Couture in SAN DIEGO THUNDER zone.
16:45 of 2nd period - Shot by Steven Stamkos.
16:45 of 2nd period - Shot Misses the Net.
16:47 of 2nd period - Shot by Alex Pietrangelo.
16:47 of 2nd period - Shot Blocked by Ilya Mikheyev.
16:49 of 2nd period - Shot by Alex Pietrangelo.
16:49 of 2nd period - Shot Misses the Net.
16:51 of 2nd period - Shot by Jaden Schwartz.
16:51 of 2nd period - Shot Blocked by Rasmus Dahlin.
16:53 of 2nd period - Shot by Ron Hainsey.
16:53 of 2nd period - Shot Misses the Net.
16:55 of 2nd period - Shot by Reyley Smith.
16:55 of 2nd period - Stopped by Connor Hellebuyck without a rebound.
16:56 of 2nd period - Andreas Johnsson wins face-off versus Nikita Kucherov in SAN DIEGO THUNDER zone.
17:21 of 2nd period - Icing by Erik Johnson.
17:22 of 2nd period - Mark Scheifele wins face-off versus Brock Nelson in SAN DIEGO THUNDER zone.
17:53 of 2nd period - Shot by Mark Scheifele.
17:53 of 2nd period - Stopped by Jonathan Quick without a rebound.
17:54 of 2nd period - Steven Stamkos wins face-off versus Jean-Gabriel Pageau in LONG BEACH BARACUDAS zone.
18:07 of 2nd period - Shot by Reyley Smith.
18:07 of 2nd period - Stopped by Connor Hellebuyck without a rebound.
18:08 of 2nd period - Logan Couture wins face-off versus Derek Stepan in SAN DIEGO THUNDER zone.
18:37 of 2nd period - Shot by J.T. Compher.
18:37 of 2nd period - Shot Misses the Net.
18:39 of 2nd period - Shot by Derek Stepan.
18:39 of 2nd period - Goal by Derek Stepan - LONG BEACH BARACUDAS : 3 - SAN DIEGO THUNDER : 0.
18:40 of 2nd period - Brock Nelson wins face-off versus Nikita Kucherov in neutral zone.
Goals for this period are 1 for LONG BEACH BARACUDAS vs 0 for SAN DIEGO THUNDER.
Shots for this period are 11 for LONG BEACH BARACUDAS vs 6 for SAN DIEGO THUNDER.

3rd period


0:01 of 3rd period - Brock Nelson wins face-off versus Logan Couture in neutral zone.
0:22 of 3rd period - Taylor Hall is hit by Deryk Engelland and loses puck.
1:08 of 3rd period - Jean-Gabriel Pageau is hit by Michael Del Zotto and loses puck.
1:32 of 3rd period - Off-side.
1:33 of 3rd period - Mark Scheifele wins face-off versus Pierre-Edouard Bellemare in neutral zone.
1:35 of 3rd period - Off-side.
1:36 of 3rd period - Pierre-Edouard Bellemare wins face-off versus Mark Scheifele in neutral zone.
2:00 of 3rd period - Nikita Kucherov is hit by Zach Redmond and loses puck.
2:01 of 3rd period - Nikita Kucherov from SAN DIEGO THUNDER is injured at 2:01 of 3rd period (Bruised Right Foot).
2:02 of 3rd period - Steven Stamkos wins face-off versus Evander Kane in LONG BEACH BARACUDAS zone.
2:02 of 3rd period - Steven Stamkos is hit by Evander Kane.
2:15 of 3rd period - Icing by Ben Hutton.
2:16 of 3rd period - Mark Scheifele wins face-off versus Reyley Smith in LONG BEACH BARACUDAS zone.
2:35 of 3rd period - Shot by Evander Kane.
2:35 of 3rd period - Stopped by Jonathan Quick without a rebound.
2:36 of 3rd period - Brock Nelson wins face-off versus Jean-Gabriel Pageau in LONG BEACH BARACUDAS zone.
2:36 of 3rd period - Brock Nelson is hit by Marcus Foligno.
2:39 of 3rd period - Icing by Taylor Hall.
2:40 of 3rd period - Brock Nelson wins face-off versus Logan Couture in LONG BEACH BARACUDAS zone.
3:01 of 3rd period - Shot by Taylor Hall.
3:01 of 3rd period - Stopped by Connor Hellebuyck with a rebound.
3:03 of 3rd period - Shot by Ron Hainsey.
3:03 of 3rd period - Stopped by Connor Hellebuyck without a rebound.
3:04 of 3rd period - Ryan Hartman wins face-off versus Steven Stamkos in SAN DIEGO THUNDER zone.
3:47 of 3rd period - Shot by Steven Stamkos.
3:47 of 3rd period - Stopped by Connor Hellebuyck without a rebound.
3:48 of 3rd period - Brock Nelson wins face-off versus Mark Scheifele in SAN DIEGO THUNDER zone.
3:57 of 3rd period - Evander Kane is hit by Alex Pietrangelo and loses puck.
4:00 of 3rd period - Shot by Patrik Nemeth.
4:00 of 3rd period - Stopped by Jonathan Quick with a rebound.
4:10 of 3rd period - Shot by Taylor Hall.
4:10 of 3rd period - Shot Misses the Net.
4:31 of 3rd period - Minor Penalty to Patrik Nemeth for Interference.
4:32 of 3rd period - Jean-Gabriel Pageau wins face-off versus Andreas Johnsson in SAN DIEGO THUNDER zone.
6:26 of 3rd period - Shot by Marcus Foligno.
6:26 of 3rd period - Stopped by Jonathan Quick without a rebound.
6:27 of 3rd period - Jean-Gabriel Pageau wins face-off versus Derek Stepan in LONG BEACH BARACUDAS zone.
6:31 of 3rd period - Jean-Gabriel Pageau is hit by Zach Redmond and loses puck.
6:38 of 3rd period - Shot by Steven Stamkos.
6:38 of 3rd period - Shot Misses the Net.
6:40 of 3rd period - Shot by Jaden Schwartz.
6:40 of 3rd period - Stopped by Connor Hellebuyck without a rebound.
6:41 of 3rd period - Logan Couture wins face-off versus Steven Stamkos in SAN DIEGO THUNDER zone.
6:41 of 3rd period - Logan Couture is hit by Steven Stamkos.
6:42 of 3rd period - Logan Couture from SAN DIEGO THUNDER is injured at 6:42 of 3rd period (Groin).
6:43 of 3rd period - Ilya Mikheyev wins face-off versus Steven Stamkos in SAN DIEGO THUNDER zone.
6:54 of 3rd period - Shot by Evander Kane.
6:54 of 3rd period - Stopped by Jonathan Quick without a rebound.
6:55 of 3rd period - Mark Scheifele wins face-off versus Derek Stepan in LONG BEACH BARACUDAS zone.
7:17 of 3rd period - Minor Penalty to Erik Johnson for Hooking.
7:18 of 3rd period - Brock Nelson wins face-off versus Jean-Gabriel Pageau in SAN DIEGO THUNDER zone.
7:21 of 3rd period - Shot by Loui Eriksson.
7:21 of 3rd period - Shot Misses the Net.
7:23 of 3rd period - Shot by Andreas Johnsson.
7:23 of 3rd period - Stopped by Connor Hellebuyck without a rebound.
7:24 of 3rd period - Derek Stepan wins face-off versus Jean-Gabriel Pageau in SAN DIEGO THUNDER zone.
7:45 of 3rd period - Shot by J.T. Compher.
7:45 of 3rd period - Stopped by Connor Hellebuyck without a rebound.
7:46 of 3rd period - Jean-Gabriel Pageau wins face-off versus Brock Nelson in SAN DIEGO THUNDER zone.
8:20 of 3rd period - Shot by Andreas Johnsson.
8:20 of 3rd period - Deflect By Brock Nelson.
8:20 of 3rd period - Shot Misses the Net.
8:22 of 3rd period - Shot by Ron Hainsey.
8:22 of 3rd period - Shot Blocked by Ryan Hartman.
9:02 of 3rd period - Shot by Kyle Palmieri.
9:02 of 3rd period - Stopped by Connor Hellebuyck without a rebound.
9:03 of 3rd period - Jean-Gabriel Pageau wins face-off versus Derek Stepan in SAN DIEGO THUNDER zone.
9:21 of 3rd period - Shot by Evander Kane.
9:21 of 3rd period - Stopped by Jonathan Quick without a rebound.
9:22 of 3rd period - Mark Scheifele wins face-off versus Steven Stamkos in LONG BEACH BARACUDAS zone.
10:20 of 3rd period - Shot by Taylor Hall.
10:20 of 3rd period - Deflect By Kyle Palmieri.
10:20 of 3rd period - Stopped by Connor Hellebuyck without a rebound.
10:21 of 3rd period - Brock Nelson wins face-off versus Jean-Gabriel Pageau in SAN DIEGO THUNDER zone.
10:27 of 3rd period - Icing by Ryan Hartman.
10:28 of 3rd period - Brock Nelson wins face-off versus Marcus Foligno in SAN DIEGO THUNDER zone.
10:39 of 3rd period - Ben Hutton is hit by Marcus Foligno and loses puck.
10:45 of 3rd period - Kyle Palmieri is hit by Marcus Foligno.
10:54 of 3rd period - Kyle Palmieri is hit by Deryk Engelland and loses puck.
10:57 of 3rd period - Shot by Brock Nelson.
10:57 of 3rd period - Shot Blocked by Jean-Gabriel Pageau.
10:59 of 3rd period - Shot by Kyle Palmieri.
10:59 of 3rd period - Shot Blocked by Rasmus Dahlin.
11:09 of 3rd period - Shot by Taylor Hall.
11:09 of 3rd period - Stopped by Connor Hellebuyck with a rebound.
11:11 of 3rd period - Shot by Brock Nelson.
11:11 of 3rd period - Shot Misses the Net.
11:13 of 3rd period - Shot by Ben Hutton.
11:13 of 3rd period - Stopped by Connor Hellebuyck without a rebound.
11:13 of 3rd period - Double Minor Penalty to Deryk Engelland for High sticking.
11:14 of 3rd period - Jay Beagle wins face-off versus Brock Nelson in SAN DIEGO THUNDER zone.
12:09 of 3rd period - Shot by Kyle Palmieri.
12:09 of 3rd period - Deflect By Derek Stepan.
12:09 of 3rd period - Shot Blocked by Charles McAvoy.
12:11 of 3rd period - Shot by Ben Hutton.
12:11 of 3rd period - Stopped by Connor Hellebuyck without a rebound.
12:12 of 3rd period - Derek Stepan wins face-off versus Jean-Gabriel Pageau in SAN DIEGO THUNDER zone.
13:50 of 3rd period - Shot by Derek Stepan.
13:50 of 3rd period - Shot Blocked by Connor Murphy.
13:52 of 3rd period - Shot by Brandon Montour.
13:52 of 3rd period - Deflect By Kyle Palmieri.
13:52 of 3rd period - Stopped by Connor Hellebuyck without a rebound.
13:53 of 3rd period - Derek Stepan wins face-off versus Jean-Gabriel Pageau in SAN DIEGO THUNDER zone.
14:32 of 3rd period - Shot by Charles McAvoy.
14:32 of 3rd period - Shot Misses the Net.
14:59 of 3rd period - Shot by Jean-Gabriel Pageau.
14:59 of 3rd period - Shot Misses the Net.
15:03 of 3rd period - Shot by Ryan Hartman.
15:03 of 3rd period - Shot Misses the Net.
15:05 of 3rd period - Shot by Jean-Gabriel Pageau.
15:05 of 3rd period - Goal by Jean-Gabriel Pageau - LONG BEACH BARACUDAS : 3 - SAN DIEGO THUNDER : 1.
15:06 of 3rd period - Derek Stepan wins face-off versus Jean-Gabriel Pageau in neutral zone.
15:35 of 3rd period - Shot by Jaden Schwartz.
15:35 of 3rd period - Stopped by Connor Hellebuyck without a rebound.
15:36 of 3rd period - Steven Stamkos wins face-off versus Mark Scheifele in SAN DIEGO THUNDER zone.
15:55 of 3rd period - Jaden Schwartz is hit by Ilya Mikheyev and loses puck.
16:23 of 3rd period - Icing by Brandon Montour.
16:24 of 3rd period - Jean-Gabriel Pageau wins face-off versus Steven Stamkos in LONG BEACH BARACUDAS zone.
17:24 of 3rd period - Shot by Brock Nelson.
17:24 of 3rd period - Stopped by Connor Hellebuyck without a rebound.
17:25 of 3rd period - Derek Stepan wins face-off versus David Perron in SAN DIEGO THUNDER zone.
17:30 of 3rd period - Minor Penalty to Mark Borowiecki for High sticking.
17:31 of 3rd period - Kyle Palmieri wins face-off versus Jean-Gabriel Pageau in SAN DIEGO THUNDER zone.
17:41 of 3rd period - Off-side.
17:42 of 3rd period - Brock Nelson wins face-off versus Jay Beagle in neutral zone.
18:09 of 3rd period - Shot by Michael Del Zotto.
18:09 of 3rd period - Stopped by Connor Hellebuyck without a rebound.
18:10 of 3rd period - Jay Beagle wins face-off versus Derek Stepan in SAN DIEGO THUNDER zone.
Goals for this period are 0 for LONG BEACH BARACUDAS vs 1 for SAN DIEGO THUNDER.
Shots for this period are 15 for LONG BEACH BARACUDAS vs 6 for SAN DIEGO THUNDER.


NATHAN
MACKINNON
PHILLIP
DANAULT
CONNOR
MCDAVID

EAST COAST

HOCKEY LEAGUE

  • 25.QUE4CHI5
  • 26.CHA2LIM3
  • 27.TRV2LON3
  • 28.CHW4BAL2
  • 29.PITMAN
  • 30.ATLNHW
  • 31.WORPET
  • 32.RHI